 Dungeon Crawl Stone Soup version 0.18-a0-1800-gdc7a371 (webtiles) character file.

79 Minkie the Magician (level 4, 0/24 HPs)
             Began as a Deep Elf Fire Elementalist on Apr 25, 2016.
             Slain by a water moccasin zombie (5 damage)
             ... on level 3 of the Dungeon.
             The game lasted 00:05:17 (1790 turns).

Minkie the Magician (Deep Elf Fire Elementalist)    Turns: 1790, Time: 00:05:18

Health: 0/24       AC:  2    Str:  5    XL:     4   Next: 16%
Magic:  5/13       EV: 13    Int: 21    God:
Gold:   99         SH:  0    Dex: 15    Spells: 1 memorised, 12 levels left

rFire  . . .     SeeInvis .     o - +1 dagger (venom)
rCold  . . .     Gourm    .     a - +0 robe
rNeg   . . .     Faith    .     (no shield)
rPois  .         Spirit   .     (no helmet)
rElec  .         Dismiss  .     (no cloak)
rCorr  .         Reflect  .     (no gloves)
SustAt .         Harm     .     (no boots)
MR     .....                    (no amulet)
Stlth  ++........               (no ring)
                                (no ring)

@: very slightly contaminated, not resistant to hostile enchantments, unstealthy
A: no striking features
a: no special abilities


You were on level 3 of the Dungeon.
You were hungry.

You visited 1 branch of the dungeon, and saw 3 of its levels.

You collected 99 gold pieces.

Inventory:

Hand Weapons
 o - a +1 dagger of venom (weapon)
Missiles
 l - 31 stones (quivered)
Armour
 a - a +0 robe (worn)
Jewellery
 m - an uncursed ring of see invisible {unknown}
Scrolls
 e - a scroll of blinking {unknown}
 f - 3 scrolls of identify {unknown}
 i - a scroll of magic mapping {unknown}
 j - a scroll of recharging {unknown}
Potions
 d - a potion of agility {unknown}
 g - a potion of flight {unknown}
 h - a potion of berserk rage {unknown}
 n - a potion of curing {unknown}
 p - a potion of ambrosia {unknown}
 q - a potion of cure mutation {unknown}
Books
 b - a book of Flames

   Spells                             Type                      Level
   a - Flame Tongue                   Conjuration/Fire             1
   b - Throw Flame                    Conjuration/Fire             2
   c - Conjure Flame                  Conjuration/Fire             3
   d - Inner Flame                    Hexes/Fire                   3
   e - Sticky Flame                   Conjuration/Fire             4
   f - Fireball                       Conjuration/Fire             5
Comestibles
 c - 2 bread rations
 k - a royal jelly


   Skills:
 - Level 2.4 Dodging
 - Level 2.4 Stealth
 * Level 5.0 Spellcasting
 + Level 1.9 Conjurations
 + Level 4.0 Fire Magic


You had 12 spell levels left.
You knew the following spells:

 Your Spells              Type           Power        Failure   Level  Hunger
a - Flame Tongue          Conj/Fire      ###..        3%          1    None


Dungeon Overview and Level Annotations

Branches:
Dungeon (3/15)

Altars:
Fedhas
The Shining One


Message History

The flame tongue hits the water moccasin zombie.
The water moccasin zombie bites you.
Casting: Flame Tongue
Confirm with . or Enter, or press ? or * to list all spells.
Aiming: Flame Tongue
Press: ? - help, Shift-Dir - straight line, f/p - water moccasin zombie
Aim: a water moccasin zombie The flame tongue hits the water moccasin zombie.
The water moccasin zombie bites you!
* * * LOW HITPOINT WARNING * * *
The water moccasin zombie barely misses you.
Casting: Flame Tongue
Confirm with . or Enter, or press ? or * to list all spells.
Aiming: Flame Tongue
Press: ? - help, Shift-Dir - straight line, f/p - water moccasin zombie
Aim: a water moccasin zombie The flame tongue hits the water moccasin zombie.
You are feeling hungry.
The water moccasin zombie bites you.
You die...

## #.. #.# #.#
#### #.# ..#
#.####.# ##.#
#.....Z##.#..####
#.@..#≈.≈.≈#
#.####≈≈.†≈#
#.####≈≈_≈.#
#...<.≈≈≈.≈#
####..≈≈≈..#
#.####### #.# #.#
#.#


You could see a water moccasin zombie.

Vanquished Creatures
  A gnoll (D:1)
  3 adders (D:2)
  3 dart slugs
  A giant gecko (D:1)
  5 ball pythons
  4 giant cockroaches
  A goblin (D:1)
  A hobgoblin (D:1)
  7 kobolds
  5 bats
  3 giant newts (D:1)
  5 rats (D:2)
39 creatures vanquished.

Notes
Turn   | Place    | Note
--------------------------------------------------------------
     0 | D:1      | Minkie the Deep Elf Fire Elementalist began the quest for the Orb.
     0 | D:1      | Reached XP level 1. HP: 10/10 MP: 6/6
   151 | D:1      | Reached XP level 2. HP: 8/15 MP: 0/8
   426 | D:1      | Reached skill level 4 in Spellcasting
   688 | D:1      | Reached XP level 3. HP: 19/19 MP: 5/10
  1523 | D:2      | Reached XP level 4. HP: 24/24 MP: 7/12
  1527 | D:2      | Reached skill level 5 in Spellcasting
  1589 | D:2      | Found a glowing golden altar of the Shining One.
  1758 | D:3      | Found a blossoming altar of Fedhas.
  1790 | D:3      | Slain by a water moccasin zombie

Vault maps used:
D:1:      scummos_arrival_checkerplants, roderic_roman_lattice,
          monster_avoids_cloud
D:2:      nicolae_tso_carved_into_rock, hangedman_decor_riveting,
          kennysheep_generic_room_15
D:3:      lemuel_doored_altar, nemelex_deck, zin_purify, lemuel_crystal_altar,
          grunt_qazlal_sundering, fedhas_altar_2

Skill      XL: |  1  2  3  4 |
---------------+-------------+-----
Spellcasting   | 4 5 |  5.0
Fire Magic     | 4 |  4.0
Dodging        | |  2.4
Stealth        | |  2.4
Conjurations   | |  1.9

Action                   |  1- 3 |  4- 6 || total
-------------------------+-------+-------++-------
Melee: Dagger            |     9 |       ||     9
 Cast: Flame Tongue      |    56 |    13 ||    69
  Eat: Chunk             |     2 |       ||     2
Armor: Robe              |     6 |     1 ||     7
Dodge: Dodged            |    24 |     3 ||    27
